 Dungeon Crawl Stone Soup version 0.24-a0-416-g56ce5178b7 (webtiles) character file.

Game seed: 3085256862225838057

1032 Lanoc the Reanimator (level 8, -4/51 (52) HPs)
             Began as a Demonspawn Necromancer on June 8, 2019.
             Slain by Prince Ribbit (10 damage)
             ... on level 5 of the Dungeon.
             The game lasted 00:15:22 (5474 turns).

Lanoc the Reanimator (Demonspawn Necromancer)       Turns: 5474, Time: 00:15:23

HP:   -4/51 (52)    AC:  6    Str:  7 (8)  XL:     8   Next: 3%
MP:   11/11         EV: 14    Int: 17 (19) God:
Gold: 157           SH:  0    Dex: 13 (14) Spells: 3/11 levels left

rFire    + . .     SeeInvis .   p - +1 quarterstaff of Dust {venom, rElec rC+}
rCold    + + .     Gourm    .   (shield currently unavailable)
rNeg     . . .     Faith    .   j - +0 robe (curse)
rPois    +         Spirit   .   (helmet restricted)
rElec    +         Reflect  .   (no cloak)
rCorr    +         Harm     .   (no gloves)
MR       +....                  (no boots)
Stlth    ++........             (no amulet)
HPRegen  0.00/turn              g - ring of protection from magic
MPRegen  0.12/turn              (no ring)

@: resistant, non-regenerating, mildly diseased
A: horns 1, iridescent scales 2
a: no special abilities


You were on level 5 of the Dungeon.
You were near starving.

You visited 1 branch of the dungeon, and saw 6 of its levels.

You collected 157 gold pieces.

Inventory:

Hand Weapons
 e - a +4 short sword
 p - the +1 quarterstaff of Dust (weapon) {venom, rElec rC+}
   (You found it on level 5 of the Dungeon)

   It poisons the flesh of those it strikes.
   It protects you from cold.
   It insulates you from electricity.
Missiles
 l - 6 atropa-tipped darts (quivered)
Armour
 j - a cursed +0 robe (worn)
Jewellery
 g - a ring of protection from magic (left hand)
Wands
 u - a wand of digging (8)
Scrolls
 a - a scroll of magic mapping {unknown}
 b - a scroll of random uselessness {unknown}
 f - 2 scrolls of enchant armour {unknown}
 h - a scroll of immolation {unknown}
 m - 3 scrolls of remove curse {unknown}
 n - 2 scrolls of teleportation
 s - a scroll of amnesia {unknown}
Potions
 i - a potion of cancellation
 o - 2 potions of lignification
 q - a potion of brilliance
 r - a potion of flight
 t - a potion of agility
Comestibles
 c - 4 rations


   Skills:
 + Level 5.2 Dodging
 - Level 1.7 Stealth
 - Level 2.0 Spellcasting
 * Level 9.4 Necromancy


You had 3 spell levels left.
You knew the following spells:

 Your Spells              Type           Power        Failure   Level  Hunger
a - Pain                  Necr           ####         1%          1    #......
b - Animate Skeleton      Necr           N/A          1%          1    #......
c - Vampiric Draining     Necr           ####......   1%          3    ###....
d - Regeneration          Chrm/Necr      ###.......   9%          3    ###....

Your spell library contained the following spells:

 Spells                   Type           Power        Failure   Level  Hunger
 Animate Dead             Necr           N/A          4%          4    #####..


Dungeon Overview and Level Annotations

Branches:
Dungeon (6/15)
 Temple: D:4-7

Altars:
Qazlal
Ru

Annotations:
D:5 Prince Ribbit
D:6 Eustachio


Innate Abilities, Weirdness & Mutations

You have a pair of small horns on your head.
You are mostly covered in iridescent scales. (AC +4)


Message History

The scorpion stings you!
You are too injured to fight recklessly!
You are too injured to fight recklessly!
You hit the scorpion.
The scorpion is almost dead.
The scorpion barely misses you. The scorpion closely misses you.
You hit the scorpion but do no damage.
The scorpion looks as sick as possible!
The scorpion is almost dead.
You kill the scorpion!
You have reached level 8!
You feel agile.
The crimson imp blinks!
Prince Ribbit closely misses you.
The crimson imp blinks!
Prince Ribbit hits you!!
* * * LOW HITPOINT WARNING * * *
Items here: )) [ ††† You sock Prince Ribbit!
Prince Ribbit is poisoned.
Prince Ribbit is moderately wounded.
Prince Ribbit hits you!
You die...

.. #.# #. #.# #
#.# # #.# # #.#
#.......#. #.#
.........# #.#
.........# #.#
.........# #@#
.........#######F#
...............§.#
.........!......##
................#
................#
..........†.....#
......#'........#
...####'........#


You could see Prince Ribbit.

Vanquished Creatures
  2 ogres (D:4)
  A necrophage (D:5)
  2 scorpions
  A howler monkey (D:3)
  2 crimson imps (D:5)
  A hound (D:4)
  A centaur skeleton (D:4)
  An orc priest (D:3)
  3 orc wizards
  A bullfrog skeleton (D:4)
  An iguana (D:4)
  3 worker ants
  A howler monkey zombie (D:5)
  6 adders
  3 leopard geckos
  13 orcs
  A ball python (D:4)
  6 giant cockroaches
  7 goblins
  5 hobgoblins
  2 jackals (D:4)
  2 quokkas
  A bat (D:1)
  A frilled lizard (D:1)
  A jackal skeleton (D:4)
  6 kobolds
  A quokka zombie (D:5)
  5 rats
80 creatures vanquished.

Vanquished Creatures (collateral kills)
  Grinder (D:4)
  A bullfrog skeleton (D:4)
  A worm (D:4)
  2 dart slugs
  A leopard gecko (D:4)
  A goblin (D:3)
  3 hobgoblins
  3 bats
  A leopard gecko skeleton (D:4)
  3 rats
17 creatures vanquished.

Grand Total: 97 creatures vanquished

Notes
Turn   | Place    | Note
-------+----------+-------------------------------------------
     0 | D:1      | Lanoc the Demonspawn Necromancer began the quest for the
                  | Orb.
     0 | D:1      | Reached XP level 1. HP: 13/13 MP: 3/3
    21 | D:1      | Learned a level 1 spell: Animate Skeleton
   394 | D:1      | Gained mutation: You are partially covered in iridescent
                  | scales. (AC +2) [demonic ancestry]
   394 | D:1      | Reached XP level 2. HP: 18/19 MP: 1/5
  1095 | D:2      | Reached skill level 5 in Necromancy
  1119 | D:2      | Found a sacrificial altar of Ru.
  1179 | D:2      | Found a stormy altar of Qazlal.
  1205 | D:2      | Gained mutation: You have a pair of small horns on your
                  | head. [demonic ancestry]
  1205 | D:2      | Reached XP level 3. HP: 24/24 MP: 4/6
  1425 | D:2      | You fall into a shaft and drop 2 floors!
  1463 | D:4      | Learned a level 3 spell: Vampiric Draining
  1634 | D:4      | Noticed an ogre
  1645 | D:5      | Entered Level 5 of the Dungeon
  1659 | D:5      | Noticed a necrophage
  1670 | D:5      | Noticed a scorpion
  1806 | D:6      | Noticed Eustachio
  1821 | D:4      | Reached XP level 4. HP: 24/30 MP: 2/7
  1949 | D:4      | Reached skill level 6 in Necromancy
  2050 | D:4      | Reached XP level 5. HP: 27/35 MP: 1/8
  2171 | D:2      | Learned a level 3 spell: Regeneration
  3488 | D:3      | Reached skill level 7 in Necromancy
  3488 | D:3      | Gained mutation: You are mostly covered in iridescent
                  | scales. (AC +4) [demonic ancestry]
  3488 | D:3      | Reached XP level 6. HP: 18/41 MP: 4/9
  4355 | D:4      | Reached skill level 8 in Necromancy
  4355 | D:4      | Reached XP level 7. HP: 32/46 MP: 6/10
  4585 | D:5      | Noticed Grinder
  4671 | D:4      | Killed Grinder
  5093 | D:5      | Reached skill level 9 in Necromancy
  5150 | D:5      | Got a pitted quarterstaff
  5163 | D:4      | Identified the +1 quarterstaff of Dust {venom, rElec rC+}
                  | (You found it on level 5 of the Dungeon)
  5431 | D:5      | Noticed Prince Ribbit
  5451 | D:5      | Reached skill level 5 in Dodging
  5472 | D:5      | Reached XP level 8. HP: 25/51 MP: 11/11
  5474 | D:5      | Slain by Prince Ribbit

Levels and vault maps discovered:
D:1:      ncdulo_lavacross, layout_basic
D:2:      layout_basic, lemuel_crystal_altar, nicolae_qazlal_general_emergency
D:3:      layout_basic, serial_co_window_serial, co_window_of_opportunity_a,
          co_window_of_opportunity_a, co_window_corner_a, co_window_paths_b,
          co_window_paths_a, co_window_of_opportunity_c, co_window_2corner,
          co_window_2corner, co_window_sun, co_window_4corner_b
D:4:      layout_gridville, first_ration
D:5:      layout_basic, makhleb_blood_cavern_becter, uniq_grinder,
          uniq_prince_ribbit1
D:6:      layout_rooms, marbit_many_paths, minmay_temple_entry_large_hall,
          basic_altar, kennysheep_pointless_box, nicolae_evil_shop,
          uniq_eustachio

Skill      XL: |  1  2  3  4  5  6  7 |
---------------+----------------------+-----
Dodging        | 2 3 4 5 |  5.2
Necromancy     | 5 6 7 8 9 |  9.4
Stealth        | |  1.7
Spellcasting   | |  2.0

Action                   |  1- 3 |  4- 6 |  7- 9 || total
-------------------------+-------+-------+-------++-------
Melee: Unarmed           |    42 |   225 |       ||   267
       Headbutt          |     2 |    34 |    11 ||    47
       Short sword       |       |     8 |    98 ||   106
       Quarterstaff      |       |       |    27 ||    27
 Cast: Pain              |    53 |    37 |       ||    90
       Animate Skeleton  |    10 |    15 |     3 ||    28
       Vampiric Draining |       |    14 |     3 ||    17
  Use: Potion            |       |     4 |     3 ||     7
       Scroll            |       |     6 |     1 ||     7
 Stab: Distracted        |     1 |     1 |       ||     2
       Sleeping          |     1 |     1 |     1 ||     3
  Eat: Chunk             |     3 |    11 |     3 ||    17
Armor: Robe              |    12 |    49 |    31 ||    92
Dodge: Dodged            |    48 |   195 |    82 ||   325

Table legend:
 A = Non-vault XP
 B = Vault XP
 C = Vault XP percentage of total XP
 D = Non-vault monster count
 E = Vault monster count
 F = Vault count percentage of total count
                 A         B        C        D         E       F
            +---------+---------+-------+---------+---------+-------
      Total |    1312 |     163 |  11.1 |      96 |       1 |   1.0
            +---------+---------+-------+---------+---------+-------
        D:1 |      25 |       0 |   0.0 |      17 |       0 |   0.0
        D:2 |      66 |       0 |   0.0 |      15 |       0 |   0.0
        D:3 |     232 |       0 |   0.0 |      26 |       0 |   0.0
        D:4 |     659 |     163 |  19.8 |      25 |       1 |   3.8
        D:5 |     325 |       0 |   0.0 |      11 |       0 |   0.0
        D:6 |       5 |       0 |   0.0 |       2 |       0 |   0.0
            +---------+---------+-------+---------+---------+-------
